 Dungeon Crawl Stone Soup version 0.23.2-30-g0e89c35649 (webtiles) character file.

Game seed: 8797588163678323283

708 Descartes the Shield-Bearer (level 8, -1/61 HPs)
             Began as a Formicid Fighter on June 6, 2019.
             Succumbed to a killer bee's poison
             ... on level 3 of the Dungeon.
             The game lasted 00:10:16 (3230 turns).

Descartes the Shield-Bearer (Formicid Fighter)      Turns: 3230, Time: 00:10:17

Health: -1/61      AC: 13    Str: 22    XL:     8   Next: 0%
Magic:  8/8        EV: 13    Int:  7    God:
Gold:   206        SH: 10    Dex: 12    Spells: 7/7 levels left

rFire    . . .     SeeInvis +   a - +0 war axe
rCold    . . .     Gourm    .   c - +0 shield
rNeg     + . .     Faith    .   q - +0 chain mail
rPois    .         Spirit   .   (helmet unavailable)
rElec    .         Reflect  .   u - +0 cloak
rCorr    .         Harm     .   z - +0 pair of gloves
MR       .....                  y - +0 pair of boots
Stlth    ..........             (no amulet)
HPRegen  0.20/turn              o - ring of positive energy
MPRegen  0.11/turn              s - +5 ring of evasion

@: lethally poisoned (-1 -> -13)
A: permanent stasis, dig shafts and tunnels, four strong arms, antennae 3
a: Dig, Shaft Self


You were on level 3 of the Dungeon.
You were not hungry.

You visited 1 branch of the dungeon, and saw 4 of its levels.
You also visited: Sewer.

You collected 206 gold pieces.

Inventory:

Hand Weapons
 a - a +0 war axe (weapon)
 p - a +0 flail
Missiles
 d - 23 poisoned needles
 g - 46 arrows
 k - 129 stones (quivered)
 v - 6 tomahawks
Armour
 c - a +0 shield (worn)
 q - a +0 chain mail (worn)
 u - a +0 cloak (worn)
 y - a +0 pair of boots (worn)
 z - a +0 pair of gloves (worn)
Jewellery
 o - a ring of positive energy (left hand)
 s - a +5 ring of evasion (right hand)
Scrolls
 e - 3 scrolls of enchant weapon {unknown}
 h - a scroll of enchant armour {unknown}
 t - a scroll of noise {unknown}
 x - a scroll of fear {unknown}
Potions
 i - a potion of haste {unknown}
 j - 6 potions of heal wounds
 l - a potion of mutation {unknown}
 m - a potion of lignification {unknown}
 n - a potion of invisibility
 r - a potion of agility {unknown}
 w - a potion of magic {unknown}
 B - a potion of ambrosia {unknown}
 C - 2 potions of flight
 D - 2 potions of curing
Comestibles
 b - 3 chunks of flesh
 f - 3 rations


   Skills:
 + Level 4.6 Fighting
 * Level 4.8 Axes
 + Level 0.3(2.9) Maces & Flails
 + Level 4.7 Armour
 + Level 2.4 Dodging
 * Level 6.3 Shields


You had 7 spell levels left.
You didn't know any spells.
Your spell library was empty.

Dungeon Overview and Level Annotations

Branches:
Dungeon (4/15)
 Temple: D:4-7

Altars:
Nemelex Xobeh
Vehumet


Innate Abilities, Weirdness & Mutations

You cannot be hasted, slowed, berserked, paralysed or teleported.
You can dig through walls and to a lower floor.
Your four strong arms can wield two-handed weapons with a shield.
You have a pair of large antennae on your head. (SInv)


Message History

You block the killer bee's attack. x2; The killer bee closely misses you. x2
Your chain mail prevents you from hitting the killer bee.
The killer bee is heavily wounded.
You closely miss the killer bee. x2; You feel sick.
The killer bee stings you but does no damage.
You block the killer bee's attack. x3; The killer bee stings you.
* * * LOW HITPOINT WARNING * * *
The killer bee completely misses you. The killer bee misses you.
The killer bee stings you!
* * * LOW HITPOINT WARNING * * *
You are more poisoned.
The killer bee poisons you!
You closely miss the killer bee.
The killer bee is moderately wounded.
You hit the killer bee.
You kill the killer bee!
You have reached level 8!
You feel stronger.
You miss the killer bee.
You die...

#)###......##.#..#.#
.)....)[##.##.#..#.#
####.#รท)##.##....#.#
.........#.###...#.#
##.......#.# #...#.#
.........#.# ##..#.#
.........#.# #..#.###
.........#.# #..#.#.#
.#.......#.# #y@#.#.#
.<.......#.# #y.#...#
.#.......#.# #..#.#.#
........##.# #..###.#
.#.##.#.##.# #......#
##.#..#.##.# #.######
#.#.##.##.#
#.############
##.#....##.##
#............#
...#####....#
#...########.#


You could see 2 killer bees.

Vanquished Creatures
  Sigmund (D:3)
  A big kobold (Sewer)
  A killer bee (D:3)
  A hound (D:3)
  2 orc priests (D:3)
  Jessica (D:2)
  4 orc wizards
  Robin (D:2)
  A howler monkey skeleton (D:2)
  2 river rats
  4 adders
  2 oozes
  3 worms (D:3)
  3 dart slugs
  4 leopard geckos
  13 orcs
  A ball python (D:1)
  7 giant cockroaches
  15 goblins
  15 hobgoblins
  A jackal (Sewer)
  5 bats
  3 frilled lizards
  7 kobolds
  9 rats
107 creatures vanquished.

Notes
Turn   | Place    | Note
-------+----------+-------------------------------------------
     0 | D:1      | Descartes the Formicid Fighter began the quest for the Orb.
     0 | D:1      | Reached XP level 1. HP: 18/18 MP: 1/1
   353 | D:1      | Reached XP level 2. HP: 20/24 MP: 2/2
   770 | D:1      | Reached skill level 4 in Shields
  1261 | D:2      | Reached XP level 3. HP: 29/29 MP: 3/3
  1295 | D:2      | Noticed Jessica
  1318 | D:2      | Killed Jessica
  1318 | D:2      | Reached XP level 4. HP: 28/35 MP: 4/4
  1366 | D:2      | Noticed Robin
  1386 | D:2      | Reached skill level 1 in Dodging
  1416 | D:2      | Killed Robin
  1530 | D:2      | Reached XP level 5. HP: 41/42 MP: 5/5
  1640 | D:2      | Found a radiant altar of Vehumet.
  2127 | D:3      | Noticed Sigmund
  2131 | D:3      | Found a sparkling altar of Nemelex Xobeh.
  2135 | D:3      | Killed Sigmund
  2135 | D:3      | Reached skill level 5 in Shields
  2135 | D:3      | Reached XP level 6. HP: 48/48 MP: 6/6
  2256 | D:3      | Reached XP level 7. HP: 50/54 MP: 7/7
  2619 | D:3      | Found a glowing drain.
  2623 | Sewer    | Entered a sewer
  2711 | Sewer    | Reached skill level 6 in Shields
  2734 | Sewer    | Found a white marble altar of Elyvilon.
  3229 | D:3      | HP: 1/55 [killer bee (7)]
  3230 | D:3      | Reached XP level 8. HP: 1/61 MP: 8/8
  3230 | D:3      | Succumbed to a killer bee's poison

Skill      XL: |  1  2  3  4  5  6  7 |
---------------+----------------------+-----
Shields        | 4 5 6 |  6.3
Dodging        | 1 2 |  2.4
Axes           | 3 4 |  4.8
Fighting       | 4 |  4.6
Armour         | 4 |  4.7
Maces & Flails | |  0.3

Action                   |  1- 3 |  4- 6 |  7- 9 || total
-------------------------+-------+-------+-------++-------
Melee: War axe           |    80 |   167 |   137 ||   384
 Abil: Dig               |     1 |       |     1 ||     2
  Use: Potion            |       |     1 |     1 ||     2
       Scroll            |       |       |     5 ||     5
  Eat: Chunk             |     1 |     4 |     4 ||     9
Armor: Scale mail        |    15 |       |       ||    15
       Chain mail        |    27 |    63 |    79 ||   169
Dodge: Dodged            |    26 |    49 |   115 ||   190
Block: Shield            |    44 |    83 |   115 ||   242
